[Event "Team 45 45 League T31"]
[Site "Internet Chess Club"]
[Date "2006.07.29"]
[Round "6"]
[White "Fineas-Fogg"]
[Black "BosqueVerde"]
[Result "1-0"]
[WhiteElo "1460"]
[BlackElo "1272"]
[TimeControl "2700+45"]

1. e4 e6 2. d3 d5 3. Nd2 dxe4 4. dxe4 Bd6 5. Ngf3 e5 6. g3 Nf6 7. Bg2 c5 8. O-O
Nc6 9. Nc4 Bc7 10. Qxd8+ Bxd8 11. Nfxe5 Be6 12. Nd6+ Ke7 13. Nxc6+ bxc6 14. e5
Nd5 15. Bg5+ f6 16. Bxd5 cxd5 17. Bf4 g5 18. exf6+ Kxf6 19. Bd2 Bb6 20. c4 dxc4
21. Bc3+ Kg6 22. Bxh8 Rxh8 23. Rfe1 Bg4 24. Nxc4 Bc7 25. Ne5+ Kf5 26. Nxg4 Kxg4
27. Re4+ Kf3 28. Rae1 Bf4 29. gxf4 gxf4 30. Re8 Rxe8 31. Rxe8 {Black resigns}
1-0  aics%

[Event "Team 45 45 League T31"]
[Site "Internet Chess Club"]
[Date "2006.07.31"]
[Round "6"]
[White "OnFire"]
[Black "GolferBob"]
[Result "1-0"]
[WhiteElo "1669"]
[BlackElo "1686"]
[TimeControl "2700+45"]

1. e4 c5 2. Nf3 Nc6 3. d4 cxd4 4. Nxd4 Nf6 5. Nc3 e5 6. Ndb5 d6 7. Bg5 a6 8. Na3
b5 9. Bxf6 gxf6 10. Nd5 f5 11. Bd3 Be6 12. c3 Bg7 13. Nc2 f4 14. a4 Bxd5 15.
exd5 Ne7 16. axb5 axb5 17. Bxb5+ Kf8 18. Nb4 Bf6 19. Nc6 Nxc6 20. Bxc6 Rb8 21.
Ra2 Kg7 22. g3 Be7 23. gxf4 h5 24. Rg1+ Kf8 25. fxe5 dxe5 26. Qe2 Qd6 27. Ra8
Bf6 28. Rg3 Bg7 29. Rg5 Rxa8 30. Bxa8 Qh6 31. Qe3 Qa6 32. Qc5+ Kg8 33. Qa3 Qf6
34. Rg3 Qf4 35. d6 Qc1+ 36. Ke2 Qc2+ 37. Kf1 h4 38. Re3 Qd1+ 39. Re1 Qd3+ 40.
Kg1 h3 41. Be4 Qd2 42. Kf1 Bf8 43. Qb3 Qxd6 44. Rd1 Qa6+ 45. Bd3 Qf6 46. Ke2 Rh5
47. Rg1+ Rg5 48. Rxg5+ Qxg5 49. Be4 Bh6 50. Qd1 Qg4+ 51. Bf3 Qf4 52. Qd8+ Kg7
53. Qd3 Qc1 54. b4 Qb2+ 55. Kf1 Qc1+ 56. Bd1 Bd2 57. Qc2 Qxc2 58. Bxc2 Bxc3 59.
b5 Bd4 60. Bf5 Kf6 61. Bxh3 Kg5 62. Bd7 f5 63. Ke2 f4 64. f3 Kf6 65. Kd3 Ke7 66.
Bc6 Kd6 67. Ke4 Ke6 68. h4 Bf2 69. h5 Bd4 70. Kd3 Kf6 71. Kc4 Kg5 72. Be8 Bb6
73. Kd5 Kf5 74. h6 Kf6 75. Kc6 Bd4 76. b6 Bxb6 77. Kxb6 {Black resigns} 1-0 
aics%

[Event "Team 45 45 League T31"]
[Site "Internet Chess Club"]
[Date "2006.07.29"]
[Round "6"]
[White "allanchs"]
[Black "ElmerHo"]
[Result "1/2-1/2"]
[WhiteElo "1593"]
[BlackElo "1611"]
[TimeControl "2700+45"]

1. e4 c5 2. Nf3 Nc6 3. d4 cxd4 4. Nxd4 Nf6 5. Nc3 e5 6. Ndb5 d6 7. Bg5 a6 8. Na3
b5 9. Nd5 Be7 10. Bxf6 Bxf6 11. c3 Ne7 12. Nc2 Nxd5 13. Qxd5 Be6 14. Qc6+ Ke7
15. O-O-O Qd7 16. Qxd7+ Kxd7 17. Kb1 Rhb8 18. Be2 a5 19. h3 Be7 20. Bg4 g6 21.
Bxe6+ Kxe6 22. Ne3 Ra7 23. Nd5 Bf8 24. g3 f5 25. f3 Rf7 26. Rhf1 Kd7 27. Kc2 Kc6
28. Kd3 Kc5 29. b3 Rbb7 {Game drawn by mutual agreement} 1/2-1/2  aics%

[Event "Team 45 45 League T31"]
[Site "Internet Chess Club"]
[Date "2006.07.31"]
[Round "6"]
[White "Invicta-Knight"]
[Black "twintower"]
[Result "0-1"]
[WhiteElo "1490"]
[BlackElo "1575"]
[TimeControl "2700+45"]

1. f4 d5 2. Nf3 Nf6 3. e3 Nc6 4. Bb5 Bd7 5. O-O e6 6. Bxc6 Bxc6 7. Ne5 Bd6 8.
Nc3 O-O 9. b3 Nd7 10. Nxc6 bxc6 11. Bb2 c5 12. Qg4 Nf6 13. Qh4 Be7 14. Rad1 Rb8
15. Rf3 Ne4 16. Qg4 Nxc3 17. dxc3 Bf6 18. e4 g6 19. Rh3 Bg7 20. Rdd3 c4 21. Rd2
c5 22. exd5 cxb3 23. cxb3 c4 24. b4 Qb6+ 25. Kh1 Rbd8 26. Qh4 h6 27. Bc1 Rxd5
28. Rxd5 exd5 29. Be3 Qa6 30. Qf2 Qa3 31. Bd4 Re8 32. Re3 Qc1+ 33. Qg1 Qxg1+ 34.
Kxg1 Rxe3 35. Bxe3 Bxc3 36. Bxa7 Bxb4 37. Kf2 f5 38. Ke3 Kf7 39. Kd4 Ke6 40. Bb6
Be1 41. Ke3 Kd7 42. a4 Kc6 43. Bd8 Bc3 44. Ke2 d4 45. Kd1 d3 46. h3 h5 47. Bh4
Kd5 48. Bf2 Ba5 49. Be3 c3 50. g3 Kc4 {White resigns} 0-1  aics%

[Event "Team 45 45 League T31"]
[Site "Internet Chess Club"]
[Date "2006.07.30"]
[Round "6"]
[White "heh"]
[Black "Kasparklunk"]
[Result "0-1"]
[WhiteElo "1498"]
[BlackElo "1491"]
[TimeControl "2700+45"]

1. e4 d5 2. exd5 Qxd5 3. c4 Qe4+ 4. Qe2 Nf6 5. Nc3 Qxe2+ 6. Bxe2 Bd7 7. d4 Nc6
8. Be3 e6 9. Nf3 Bb4 10. Bd2 a6 11. O-O h6 12. d5 exd5 13. cxd5 Ne7 14. Bc4 O-O
15. Bf4 Bxc3 16. bxc3 Nexd5 17. Be5 Bb5 18. Bxb5 axb5 19. Nd4 c6 20. Nf5 Kh7 21.
Ne3 Nxe3 22. fxe3 Nd5 23. Bd4 f6 24. e4 Nc7 25. Bc5 Rfe8 26. Bd6 Ne6 27. e5 fxe5
28. Bxe5 Rf8 29. Rfe1 Rf7 30. Bd6 Nf4 31. g3 Nd5 32. Be5 Ra3 33. Rec1 Rf5 34.
Bd4 Rf3 35. c4 bxc4 36. Rxc4 Ne3 37. Rcc1 Nd5 38. Kg2 Rfd3 39. Bc5 Rd2+ 40. Kh3
Raxa2 41. Rxa2 Rxa2 42. Bd4 Ra4 43. Be5 Re4 44. Bd6 Re6 45. Bf8 Rf6 46. Bc5 b6
47. Bd4 Re6 48. Rd1 c5 49. Bb2 Nf6 50. Rd8 b5 51. Rc8 b4 52. Rxc5 b3 53. Rc7 Kg6
54. Rc3 Rb6 55. Rd3 Rb5 56. Kg2 Kf5 57. h3 Kg6 58. Kf3 Rf5+ 59. Ke2 Rb5 60. Re3
Rb7 61. Kd3 Nd5 62. Re6+ Nf6 63. Kc4 Kf5 64. Re3 Kg6 65. Rxb3 Rxb3 66. Kxb3 Ne4
67. g4 Ng5 68. h4 Nf3 69. h5+ Kf7 70. Kc4 Nh2 71. Kd5 Nxg4 72. Ke4 Nf6+ 73. Bxf6
Kxf6 74. Kf4 Ke6 75. Kg4 Ke5 76. Kh4 Kf5 {White resigns} 0-1  aics%

[Event "Team 45 45 League T31"]
[Site "Internet Chess Club"]
[Date "2006.07.26"]
[Round "6"]
[White "buzzard"]
[Black "AVEMARIA"]
[Result "0-1"]
[WhiteElo "1561"]
[BlackElo "1715"]
[TimeControl "2700+45"]

1. e4 c5 2. d4 cxd4 3. c3 d5 4. Qxd4 Nf6 5. e5 Nc6 6. Bb5 Ng8 7. f4 e6 8. Qf2
Qa5 9. Bd3 Bc5 10. Qg3 Bf8 11. Bd2 Qc7 12. Nf3 g6 13. Be3 Nge7 14. Qf2 Nf5 15.
Bd2 b6 16. b4 Bd7 17. Na3 a6 18. Nc2 b5 19. g4 Ng7 20. Ke2 Rc8 21. a4 Qb7 22.
axb5 axb5 23. Ncd4 Nxd4+ 24. Qxd4 Be7 25. Ra7 Qc6 26. Rha1 Rb8 27. R1a6 Qc8 28.
Qg1 O-O 29. h4 Rb7 30. h5 Bc6 31. Nd4 Bd7 32. Kf3 Qc7 33. Nxb5 Bxb5 34. Bxb5
Rfb8 35. Rxb7 Qxb7 36. Ra7 Qxb5 37. Rxe7 Qd3+ 38. Qe3 Qxe3+ 39. Bxe3 gxh5 40.
gxh5 Nf5 41. Rc7 d4 42. Bd2 dxc3 43. Bxc3 Rb5 44. Kg4 h6 45. Kf3 Rd5 46. Kf2 Nd4
47. Bxd4 Rxd4 48. b5 Rxf4+ 49. Ke3 Rb4 50. Kd3 Rxb5 51. Kd4 Rb4+ 52. Rc4 Rxc4+
53. Kxc4 Kg7 54. Kd3 f6 55. Ke3 fxe5 {White resigns} 0-1  aics%

[Event "Team 45 45 League T31"]
[Site "Internet Chess Club"]
[Date "2006.07.28"]
[Round "6"]
[White "jazzyrick"]
[Black "Migs-19"]
[Result "0-1"]
[WhiteElo "1593"]
[BlackElo "1582"]
[TimeControl "2700+45"]

1. e4 d5 2. exd5 Nf6 3. d4 Bg4 4. Be2 Bxe2 5. Nxe2 Qxd5 6. O-O Nc6 7. Nbc3 Qh5
8. f3 O-O-O 9. Nf4 Qf5 10. Nce2 g5 11. Ng3 Qd7 12. Nfe2 g4 13. c3 h5 14. Ne4
Nxe4 15. fxe4 e6 16. Bg5 Re8 17. Bh4 Bh6 18. e5 Ref8 19. Ng3 Ne7 20. Kh1 Bg7 21.
Qe2 Ng6 22. Bf6 Rfg8 23. Ne4 Ne7 24. Bh4 Nf5 25. Bf6 h4 26. Bxg7 Rxg7 27. Nf6
Qc6 28. Kg1 Rh6 29. Rf4 Rhg6 30. Kf2 g3+ 31. hxg3 Rxg3 32. Qe4 Rxg2+ 33. Ke1
Rg1+ 34. Rf1 Qc4 35. Qf3 R7g3 36. Qe2 Re3 37. Qxe3 Rxf1+ 38. Kd2 {White resigns}
0-1  aics%

[Event "Team 45 45 League T31"]
[Site "Internet Chess Club"]
[Date "2006.07.29"]
[Round "6"]
[White "rh40"]
[Black "ChessZak"]
[Result "1/2-1/2"]
[WhiteElo "1569"]
[BlackElo "1478"]
[TimeControl "2700+45"]

1. e4 c5 2. c3 Nc6 3. d4 cxd4 4. cxd4 g6 5. Be3 Nf6 6. Nc3 Bg7 7. Nf3 O-O 8. Bc4
d6 9. O-O Bg4 10. d5 Ne5 11. Be2 a6 12. Nxe5 Bxe2 13. Nxf7 Rxf7 14. Qxe2 Qd7 15.
f3 e6 16. dxe6 Qxe6 17. Rad1 Rd8 18. Rd3 Ne8 19. Bd4 Bxd4+ 20. Rxd4 Nc7 21. Rfd1
Rfd7 22. Qc4 Qxc4 23. Rxc4 d5 24. Nxd5 Nxd5 25. exd5 Rxd5 26. Rxd5 Rxd5 27. Rc8+
Kg7 28. Rc7+ Kh6 29. Rxb7 Rd1+ 30. Kf2 Rd2+ 31. Kg3 g5 32. a4 Kg6 33. b4 h5 34.
h3 h4+ 35. Kh2 Kf5 36. b5 axb5 37. Rxb5+ Kf4 38. a5 Ra2 39. Kg1 Ra1+ 40. Kf2
Ra2+ 41. Ke1 Rxg2 42. Rb8 Kxf3 43. a6 Ra2 44. Rb5 {Game drawn by mutual
agreement} 1/2-1/2  aics%

[Event "Team 45 45 League T31"]
[Site "Internet Chess Club"]
[Date "2006.07.29"]
[Round "6"]
[White "fuzzface"]
[Black "kevinfons"]
[Result "0-1"]
[WhiteElo "1343"]
[BlackElo "1424"]
[TimeControl "2700+45"]

1. d4 d5 2. g3 e6 3. Bg2 c5 4. c3 Nc6 5. e3 Nf6 6. Ne2 Be7 7. Nd2 O-O 8. O-O Rb8
9. f3 e5 10. a3 cxd4 11. cxd4 exd4 12. exd4 Bf5 13. Nb3 Na5 14. Bf4 Rc8 15. g4
Bc2 16. Qe1 Bxb3 17. Rc1 b6 18. Nc3 Bc4 19. Rf2 Nb3 20. Rcc2 Nxd4 21. Rc1 Nb3
22. Rcc2 Bc5 23. Be3 Re8 24. Nd1 Ba6 25. Qc3 Bxe3 26. Qxb3 Bxf2+ 27. Nxf2 Bc4
28. Qc3 Qe7 29. Rc1 Qe3 30. Qxe3 Rxe3 31. h4 Rb3 32. g5 Nd7 33. Bh3 Ba6 34.
Rxc8+ Bxc8 35. Nd1 Rxf3 36. Bg2 Rd3 37. Nc3 Bb7 38. Kf1 Nc5 39. Ke1 Ne4 40. Bf1
Rg3 41. Ne2 Rg4 42. g6 Rxh4 43. gxf7+ Kxf7 44. Nd4 g6 45. Nf3 Rf4 46. Ne5+ Ke8
47. Nd3 Rf8 48. Be2 Ba6 49. Nb4 Bxe2 50. Kxe2 Rf5 {White resigns} 0-1  aics%

[Event "Team 45 45 League T31"]
[Site "Internet Chess Club"]
[Date "2006.07.31"]
[Round "6"]
[White "sogtulakk"]
[Black "ChessAddict"]
[Result "1/2-1/2"]
[WhiteElo "2076"]
[BlackElo "2117"]
[TimeControl "2700+45"]

1. d4 Nf6 2. c4 g6 3. Nc3 Bg7 4. e4 d6 5. f3 O-O 6. Be3 c5 7. Nge2 Qa5 8. Qd2
Nc6 9. d5 Ne5 10. Ng3 a6 11. Be2 h5 12. O-O Kh7 13. h3 h4 14. Nh1 Qb4 15. b3 Ne8
16. Rac1 f5 17. Bg5 Bf6 18. Bxf6 exf6 19. f4 Nf7 20. Qe1 b5 21. cxb5 fxe4 22.
Qxh4+ Kg7 23. Nf2 Rh8 24. Qg3 f5 25. bxa6 Bxa6 26. Bxa6 Rxa6 27. Na4 Nf6 28. Qc3
Rb8 29. Rfd1 Qxc3 30. Rxc3 Nh5 31. g3 Rb4 32. Kh2 Kf8 33. Rd2 Nh6 34. Nd1 Ng8
35. Ne3 Ne7 36. Rc4 Rb8 37. Nc3 Rab6 38. Kg2 Ke8 39. Kf2 Kd7 40. Ng2 Nf6 41. Ne3
Rb4 42. Rxb4 Rxb4 43. Ne2 Kc7 44. g4 Kd7 45. gxf5 gxf5 46. Ng3 Rd4 47. Rxd4 cxd4
48. Nexf5 Nexd5 49. Nxd4 Nxf4 50. Ke3 Ng2+ 51. Kf2 Nf4 52. Ke3 N4d5+ 53. Kf2 Nf4
54. Ke3 N4d5+ 55. Kf2 {Game drawn by mutual agreement} 1/2-1/2  aics%

[Event "Team 45 45 League T31"]
[Site "Internet Chess Club"]
[Date "2006.07.27"]
[Round "6"]
[White "Ser-Enigma"]
[Black "spacecadet"]
[Result "0-1"]
[WhiteElo "2071"]
[BlackElo "1908"]
[TimeControl "2700+45"]

1. c4 e5 2. Nc3 Nf6 3. g3 c6 4. Nf3 e4 5. Nd4 d5 6. cxd5 cxd5 7. d3 exd3 8. Qxd3
Nc6 9. Bg2 Be6 10. Bg5 Bb4 11. O-O O-O 12. Rfd1 Bxc3 13. Qxc3 Ne4 14. Bxe4 Qxg5
15. Bg2 Rac8 16. Qb3 Rc7 17. f4 Qf6 18. Qa4 Nxd4 19. Rxd4 b5 20. Qd1 Rfc8 21.
Rd2 Rd7 22. e3 a6 23. Rc1 Rxc1 24. Qxc1 Qd8 25. b4 h6 26. a3 Rc7 27. Rc2 Rxc2
28. Qxc2 d4 29. Qd2 d3 30. Be4 Bc4 31. Kf2 g6 32. f5 gxf5 33. Bxf5 Qf6 34. e4
Qd4+ 35. Kf3 Kg7 36. Bc8 Qd8 37. Bb7 Qf6+ 38. Kg2 Qg5 39. Qc3+ Kg8 40. Qd4 Qd2+
41. Kh3 Be6+ 42. g4 Qf4 43. Qg1 Qxg4+ 44. Qxg4+ Bxg4+ {White resigns} 0-1  aics%
 RamonaBarrigona(71): ya no saben k hacer para ganar el tour aics%

[Event "Team 45 45 League T31"]
[Site "Internet Chess Club"]
[Date "2006.07.29"]
[Round "6"]
[White "marson"]
[Black "DeLaSalle"]
[Result "0-1"]
[WhiteElo "1983"]
[BlackElo "2030"]
[TimeControl "2700+45"]

1. f4 b6 2. Nf3 Bb7 3. e3 g6 4. Nc3 Bg7 5. b3 e6 6. Bb2 Ne7 7. Qc1 Bxf3 8. gxf3
Nf5 9. Bg2 Qh4+ 10. Ke2 O-O 11. Ne4 d5 12. Bxg7 Nxg7 13. Nf2 c5 14. Qb2 f5 15.
Nd3 Nc6 16. Ne5 Rac8 17. Nxc6 Rxc6 18. Qe5 Rd8 19. e4 Rcd6 20. d3 Nh5 21. Rag1
Nxf4+ 22. Kd1 dxe4 23. fxe4 Qg4+ 24. Kc1 Nxg2 {White resigns} 0-1  aics%

[Event "Team 45 45 League T31"]
[Site "Internet Chess Club"]
[Date "2006.07.29"]
[Round "6"]
[White "MehmetBulent"]
[Black "Stroggs"]
[Result "0-1"]
[WhiteElo "1862"]
[BlackElo "1904"]
[TimeControl "2700+45"]

1. d4 Nf6 2. Nf3 c5 3. d5 g6 4. c4 b5 5. cxb5 a6 6. Nc3 axb5 7. Nxb5 Ba6 8. Nc3
d6 9. e4 Bxf1 10. Kxf1 Bg7 11. Qe2 O-O 12. h4 Nbd7 13. g3 e6 14. Bg5 exd5 15.
exd5 h6 16. Bf4 Nb6 17. Qd2 Nc4 18. Qc1 Nxb2 19. Bxh6 Nd3 20. Qd2 Bxh6 21. Qxh6
Nxf2 22. Rg1 Re8 23. Ne2 N2g4 24. Qc1 Qe7 25. Nf4 Qe4 26. Kg2 Ne3+ 27. Kh3 Qxf3
28. a4 Ne4 29. Nd3 Qg4+ 30. Kh2 Qe2+ 31. Kh3 Qxd3 32. Ra3 Nf2+ 33. Kh2 Neg4+ 34.
Kg2 Qxd5+ 35. Rf3 Re3 36. Qxe3 Nxe3+ 37. Kxf2 Qd2# {White checkmated} 0-1  aics%

[Event "Team 45 45 League T31"]
[Site "Internet Chess Club"]
[Date "2006.07.28"]
[Round "6"]
[White "Phosphorus"]
[Black "Nelsi"]
[Result "0-1"]
[WhiteElo "2192"]
[BlackElo "2207"]
[TimeControl "2700+45"]

1. c4 e5 2. g3 Nc6 3. Bg2 f5 4. Nc3 Nf6 5. d3 Bb4 6. Bd2 Bxc3 7. Bxc3 d5 8. cxd5
Nxd5 9. Qb3 Nxc3 10. bxc3 Qd6 11. Nh3 h6 12. O-O Rb8 13. f4 Be6 14. Qb5 O-O 15.
fxe5 Nxe5 16. Nf4 c6 17. Qa5 a6 18. Rab1 Ng4 19. Qb6 Bxa2 20. Rb2 Bf7 21. Rfb1
g5 22. Nh3 Bd5 23. e4 fxe4 24. dxe4 Bc4 25. Qd4 Qxd4+ 26. cxd4 b5 27. Ra1 Ne3
28. Rxa6 Nxg2 29. Kxg2 Bf1+ 30. Kg1 Bxh3 31. Rxc6 Rf1# {White checkmated} 0-1 
aics%

[Event "Team 45 45 League T31"]
[Site "Internet Chess Club"]
[Date "2006.07.31"]
[Round "6"]
[White "OhioPlayer"]
[Black "jayes"]
[Result "0-1"]
[WhiteElo "1838"]
[BlackElo "1914"]
[TimeControl "2700+45"]

1. e4 c5 2. Nf3 Nc6 3. d4 cxd4 4. Nxd4 Nf6 5. Nc3 e5 6. Nxc6 bxc6 7. Bg5 Be7 8.
Bxf6 Bxf6 9. Qd6 Qa5 10. b4 Qa3 11. Nd1 Be7 12. Qxe5 f6 13. Qd4 Bxb4+ 14. c3 Bc5
15. Qc4 Rb8 16. Bd3 Rb6 17. Bc2 Ba6 18. Qa4 Qxa4 19. Bxa4 Kd8 20. Bb3 Re8 21. f3
f5 22. Nf2 fxe4 23. fxe4 Rf8 24. Nh3 Be3 25. c4 c5 26. Ke2 Bd4 27. Raf1 Rbf6 28.
Rxf6 Rxf6 29. Rf1 Re6 30. Ng5 Re7 31. Rf8+ Kc7 32. Rf7 Re8 33. Kd3 h6 34. Nf3
Bf6 35. e5 Re7 36. Rxe7 Bxe7 37. Ke4 g6 38. Kd5 Bb7# {White checkmated} 0-1 
aics%

[Event "Team 45 45 League T31"]
[Site "Internet Chess Club"]
[Date "2006.07.30"]
[Round "6"]
[White "azbycx"]
[Black "JohnnySP"]
[Result "1-0"]
[WhiteElo "1941"]
[BlackElo "1829"]
[TimeControl "2700+45"]

1. d4 Nf6 2. c4 g6 3. Nc3 d5 4. cxd5 Nxd5 5. e4 Nxc3 6. bxc3 Bg7 7. Be3 c5 8.
Qd2 Nc6 9. d5 Ne5 10. Bxc5 Qc7 11. Bd4 O-O 12. Be2 Rd8 13. Nf3 Nc4 14. Bxc4 Qxc4
15. Qe2 Qc7 16. Bxg7 Kxg7 17. Rc1 Bg4 18. h3 Bxf3 19. Qxf3 Qc4 20. Qe2 Rac8 21.
Qxc4 Rxc4 22. f3 Rdc8 23. Kd2 Kf6 24. Rc2 Ke5 25. Rb1 R8c7 26. g3 f5 27. exf5
gxf5 28. Rb5 Kd6 29. Kd3 b6 30. g4 Rf4 31. Ke3 Rfc4 32. gxf5 Rh4 33. a3 Rxh3 34.
c4 Rh4 35. Rb4 Rc5 36. a4 Rxd5 37. c5+ bxc5 38. Rxh4 Rxf5 39. Rxh7 Re5+ 40. Kf4
Rd5 41. Rh6+ e6 42. Rc4 Rf5+ 43. Kg4 Kd5 44. Re4 {Black resigns} 1-0  aics%

[Event "Team 45 45 League T31"]
[Site "Internet Chess Club"]
[Date "2006.07.28"]
[Round "6"]
[White "Nosferatu1"]
[Black "Beancounter"]
[Result "1/2-1/2"]
[WhiteElo "1850"]
[BlackElo "1680"]
[TimeControl "2700+45"]

1. d4 Nf6 2. Nf3 g6 3. Nc3 Bg7 4. e4 d6 5. Bc4 O-O 6. O-O Nxe4 7. Nxe4 d5 8. Bd3
dxe4 9. Bxe4 Nd7 10. c3 c5 11. Be3 cxd4 12. Nxd4 Nf6 13. Bf3 a6 14. Qb3 e5 15.
Nc2 e4 16. Be2 Be6 17. Bc4 Bxc4 18. Qxc4 b5 19. Qe2 Qd3 20. Qxd3 exd3 21. Nd4
Ng4 22. Rfe1 b4 23. h3 Nxe3 24. Rxe3 bxc3 25. bxc3 d2 26. Rd3 Bh6 27. g3 Rfe8
28. Kf1 Rab8 29. Nb3 Rbd8 30. Rxd8 Rxd8 31. Ke2 Bg7 32. Rd1 Bxc3 33. Nxd2 f6 34.
Nb3 Rxd1 35. Kxd1 Kf7 36. Ke2 Ke7 37. f3 Kd6 38. Kd3 Be1 39. g4 Kd5 40. Ke2 Bb4
41. Kd3 Be1 42. Ke2 Bb4 43. Kd3 Be1 {Game drawn by repetition} 1/2-1/2  aics%

[Event "Team 45 45 League T31"]
[Site "Internet Chess Club"]
[Date "2006.07.30"]
[Round "6"]
[White "rabanito"]
[Black "burnsja2003"]
[Result "1/2-1/2"]
[WhiteElo "1550"]
[BlackElo "1718"]
[TimeControl "2700+45"]

1. e4 c5 2. Nf3 e6 3. d4 cxd4 4. Nxd4 Nc6 5. Nc3 d6 6. Be2 Nf6 7. O-O Be7 8. Be3
O-O 9. f4 a6 10. Qe1 Qc7 11. Qg3 Nxd4 12. Bxd4 b5 13. a3 Bb7 14. Rae1 Rfc8 15.
Bd3 g6 16. e5 Ne8 17. f5 dxe5 18. Bxe5 Bd6 19. fxg6 hxg6 20. Bxg6 fxg6 21. Qxg6+
Ng7 22. Bxd6 Qxd6 23. Rf7 Qd4+ 24. Kh1 Rxc3 25. Rxb7 Re3 26. Qxg7+ Qxg7 27.
Rxg7+ Kxg7 28. Rxe3 Kf6 29. Kg1 Rd8 30. Kf2 e5 31. Rd3 Ra8 32. Ke2 Kf5 33. Rf3+
Ke4 34. Re3+ Kd4 35. Rd3+ Ke4 36. Re3+ {Game drawn by mutual agreement} 1/2-1/2 
aics%

[Event "Team 45 45 League T31"]
[Site "Internet Chess Club"]
[Date "2006.07.27"]
[Round "6"]
[White "NESKAYA"]
[Black "allanchs"]
[Result "0-1"]
[WhiteElo "1585"]
[BlackElo "1584"]
[TimeControl "2700+45"]

1. e4 e5 2. Nf3 Nc6 3. Bc4 Bc5 4. O-O Nf6 5. d3 d6 6. h3 Be6 7. Bxe6 fxe6 8. Bg5
O-O 9. c3 Qd7 10. Bxf6 Rxf6 11. b4 Bb6 12. a4 a6 13. Nbd2 d5 14. b5 axb5 15.
axb5 Na7 16. Nxe5 Qxb5 17. c4 dxc4 18. Ndxc4 Bd4 19. Rb1 Qa6 20. Nf3 Nc6 21. Qb3
b6 22. Nxd4 Nxd4 23. Qb2 Nc6 24. Ra1 Qb7 25. Rxa8+ Qxa8 26. Ra1 Qd8 27. Ra3 Qd4
28. Qxd4 Nxd4 29. Ra8+ Rf8 30. Ra7 Nb5 31. Ra2 Rd8 32. Ne5 Kf8 33. Rb2 Nd4 34.
Rb4 b5 35. Kf1 c5 36. Rb1 b4 37. Nc4 Ra8 38. Nb6 Ra5 39. Nc4 Ra2 40. Nb6 Ke7 41.
Rc1 b3 42. Nc4 b2 43. Nxb2 Rxb2 44. g4 Nb3 45. Rc3 Kd6 46. Kg2 Ke5 47. Kf3 Kd4
{White resigns} 0-1  aics%

[Event "Team 45 45 League T31"]
[Site "Internet Chess Club"]
[Date "2006.07.28"]
[Round "6"]
[White "Amauta"]
[Black "A-Ru"]
[Result "1/2-1/2"]
[WhiteElo "1932"]
[BlackElo "1914"]
[TimeControl "2700+45"]

1. e4 e6 2. d4 d5 3. e5 c5 4. c3 Nc6 5. Nf3 Qb6 6. a3 Nh6 7. b4 cxd4 8. Bxh6
gxh6 9. cxd4 Rg8 10. Nc3 Rg4 11. h3 Rf4 12. Bb5 a5 13. Qd2 Rxf3 14. Bxc6+ Qxc6
15. gxf3 axb4 16. Ne2 bxa3 17. Rg1 Qa4 18. Rg8 Qa5 19. Qxa5 Rxa5 20. Rh8 b5 21.
Rxh7 b4 22. Nc1 Ba6 23. Nb3 Ra4 24. Kd2 Bc4 25. Kc2 Ra8 26. Rh8 Rc8 27. Nc5 Rxc5
28. dxc5 b3+ 29. Kc3 b2 30. Rg1 d4+ 31. Kxc4 a2 32. Rgg8 b1=Q 33. Rxf8+ Kd7 34.
Rd8+ Kc7 35. Rc8+ Kb7 36. Rb8+ Ka7 37. Ra8+ Kb7 38. Rab8+ Ka7 39. Ra8+ Kb7 40.
Rab8+ Ka7 41. Ra8+ Kb7 {Game drawn by repetition} 1/2-1/2  aics%

[Event "Team 45 45 League T31"]
[Site "Internet Chess Club"]
[Date "2006.07.28"]
[Round "6"]
[White "Qualm"]
[Black "Simonside"]
[Result "0-1"]
[WhiteElo "1796"]
[BlackElo "1962"]
[TimeControl "2700+45"]

1. e4 e5 2. Nf3 Nc6 3. Nc3 Nf6 4. d4 exd4 5. Nd5 Nb4 6. a3 Nbxd5 7. exd5 Nxd5 8.
Qxd4 c6 9. Bg5 f6 10. Bd2 Qb6 11. Qe4+ Ne7 12. O-O-O d5 13. Qe1 c5 14. Ba5 Qc6
15. Bd2 Bf5 16. Bf4 Qa4 17. Qd2 Bxc2 18. Qxc2 Qxf4+ 19. Kb1 c4 20. Qa4+ Kf7 21.
Qd7 Qe4+ 22. Ka2 Qe6 23. Qxb7 Qb6 24. Qxb6 axb6 25. Nd4 g6 26. g3 Bg7 27. Bg2
Rhd8 28. Rhe1 Rd6 29. Nb5 Rd7 30. Nd4 f5 31. Nb5 Ra5 32. Nd4 Bxd4 33. Rxd4 Nc6
34. Rd2 Nb4+ 35. Kb1 Nd3 36. Bf1 Nxe1 37. Bxc4 {White resigns} 0-1  aics%

[Event "Team 45 45 League T31"]
[Site "Internet Chess Club"]
[Date "2006.07.30"]
[Round "6"]
[White "room-matt"]
[Black "upturnedcircle"]
[Result "1-0"]
[WhiteElo "1950"]
[BlackElo "1704"]
[TimeControl "2700+45"]

1. e4 c5 2. Nf3 d6 3. d4 cxd4 4. Nxd4 Nf6 5. Nc3 Nc6 6. Be3 e5 7. Ndb5 a6 8. Na3
b5 9. Nd5 Rb8 10. Qf3 Nxd5 11. exd5 Ne7 12. c3 Bb7 13. Rd1 f5 14. Bg5 Qd7 15.
Bxe7 Bxe7 16. Nc2 O-O 17. Be2 Bd8 18. O-O Bb6 19. Nb4 Rbc8 20. h3 Rc5 21. Qe3
Qd8 22. Bf3 e4 23. Be2 Rxd5 24. Qf4 Rxd1 25. Rxd1 Rf6 26. Nd5 Rg6 27. a4 e3 28.
fxe3 Ba7 29. axb5 Bxd5 30. Rxd5 Qa8 31. Bf3 Qe8 32. Kh2 Bxe3 33. Qxf5 Bg1+ 34.
Kh1 Bf2 35. Rd1 axb5 36. Bd5+ Kh8 37. Qxf2 Rf6 38. Qe1 Qg6 39. Rd4 Rf8 40. b3
Re8 41. Qf1 Qg3 42. Rf4 {Black resigns} 1-0  aics%

[Event "Team 45 45 League T31"]
[Site "Internet Chess Club"]
[Date "2006.08.02"]
[Round "6"]
[White "searchforbobby1"]
[Black "JustinSane"]
[Result "1-0"]
[WhiteElo "2092"]
[BlackElo "2233"]
[TimeControl "2700+45"]

1. e4 e6 2. d4 d5 3. Nc3 Bb4 4. e5 c5 5. a3 Bxc3+ 6. bxc3 Ne7 7. Qg4 O-O 8. Bd3
Nbc6 9. Qh5 Ng6 10. Nf3 Qc7 11. Be3 c4 12. Bxg6 fxg6 13. Qg4 Bd7 14. h4 Rf5 15.
Ng1 Raf8 16. Ne2 b5 17. Ng3 h5 18. Qd1 R5f7 19. Ne2 a5 20. Ng1 b4 21. axb4 axb4
22. cxb4 Nxb4 23. Nh3 c3 24. O-O Rb8 25. Ng5 Re7 26. Bc1 Qc4 27. Ba3 Ba4 28. Rb1
Reb7 29. Bxb4 Rxb4 30. Rxb4 Rxb4 31. Qf3 Qc8 32. Qf7+ Kh8 33. Qxg6 Kg8 34. Qh7+
Kf8 35. Qh8+ Ke7 36. Qxc8 {Black resigns} 1-0  aics%

[Event "Team 45 45 League T31"]
[Site "Internet Chess Club"]
[Date "2006.07.31"]
[Round "6"]
[White "nightly"]
[Black "Malcolm"]
[Result "0-1"]
[WhiteElo "1893"]
[BlackElo "1735"]
[TimeControl "2700+45"]

1. c4 e5 2. g3 Nf6 3. Bg2 d5 4. cxd5 Nxd5 5. Nc3 Nb6 6. Nf3 Nc6 7. O-O Be7 8. d3
O-O 9. a3 Be6 10. b4 a5 11. b5 Nd4 12. Nxe5 Bf6 13. f4 Bxe5 14. fxe5 Nb3 15. Rb1
Qd4+ 16. Kh1 Qxc3 17. Bxb7 Rad8 18. Bg5 Rd4 19. Be4 h6 20. e3 Rxe4 21. dxe4 hxg5
22. Rf2 Qxe3 23. Kg1 a4 24. Rb2 Qxe4 25. Rbe2 Qc4 26. Rc2 Qxb5 27. Rxc7 Qxe5 28.
Rb7 Nc4 29. Rb4 Bd5 30. Rb5 Nd4 31. Rb4 Qe4 {White resigns} 0-1  aics%

[Event "Team 45 45 League T31"]
[Site "Internet Chess Club"]
[Date "2006.07.31"]
[Round "6"]
[White "LoseOften"]
[Black "PaulKaspar"]
[Result "0-1"]
[WhiteElo "1799"]
[BlackElo "1907"]
[TimeControl "2700+45"]

1. e4 c6 2. d4 d5 3. Nc3 dxe4 4. Nxe4 Bf5 5. Ng3 Bg6 6. h4 h6 7. Nf3 Nd7 8. h5
Bh7 9. Bd3 Bxd3 10. Qxd3 e6 11. Bf4 Ngf6 12. O-O-O Qa5 13. Kb1 Be7 14. Ne5 Nxe5
15. Bxe5 O-O 16. Rh4 Nd7 17. Re4 Rfd8 18. Bxg7 Kxg7 19. Rxe6 fxe6 20. Qg6+ Kf8
21. Qxh6+ Kf7 22. Qg6+ Kf8 23. Ne4 Qf5 24. Qh6+ Ke8 25. Rd3 Qxe4 26. Re3 Bf8 27.
Qh8 Qg4 28. Rf3 Qg7 {White resigns} 0-1  aics%

[Event "Team 45 45 League T31"]
[Site "Internet Chess Club"]
[Date "2006.08.03"]
[Round "6"]
[White "NotSoGreat"]
[Black "fledermaus"]
[Result "1-0"]
[WhiteElo "2335"]
[BlackElo "2076"]
[TimeControl "2700+45"]

1. e4 c6 2. Nc3 d5 3. Nf3 Bg4 4. h3 Bh5 5. exd5 cxd5 6. Bb5+ Nc6 7. g4 Bg6 8.
Ne5 Qd6 9. d4 f6 10. Nxg6 hxg6 11. Qd3 O-O-O 12. f4 e5 13. Bxc6 bxc6 14. dxe5
fxe5 15. Be3 Kb7 16. fxe5 Qxe5 17. O-O-O Bb4 18. Na4 Nf6 19. Qb3 Ka8 20. Bxa7
Kxa7 21. Qxb4 Qe3+ 22. Kb1 Ne4 23. Rhe1 Qf4 24. Qb6+ Ka8 25. Qxc6+ Kb8 26. Rd3
Nd2+ 27. Ka1 Rhe8 28. Rd1 Re4 29. Nc5 Re7 30. Ra3 {Black resigns} 1-0  aics%